 Dungeon Crawl Stone Soup version 0.19.5 (webtiles) character file.

24764 raph the Arsonist (level 12, 0/65 HPs)
             Began as a Deep Elf Fire Elementalist on Apr 11, 2017.
             Was a High Priest of Sif Muna.
             Slain by a spiny frog (12 damage)
             ... on level 5 of the Lair of Beasts on Apr 22, 2017.
             The game lasted 01:08:19 (20708 turns).

raph the Arsonist (Deep Elf Fire Elementalist)     Turns: 20708, Time: 01:08:20

Health: 0/65       AC: 25    Str: 13    XL:     12   Next: 83%
Magic:  12/43      EV: 13    Int: 30    God:    Sif Muna [*****.]
Gold:   376        SH:  0    Dex: 15    Spells: 10 memorised, 2 levels left

rFire  . . .     SeeInvis .     a - staff of power
rCold  . . .     Gourm    .     Z - +3 pearl dragon scales
rNeg   + . .     Faith    +     (no shield)
rPois  .         Spirit   .     N - +2 helmet
rElec  .         Reflect  .     O - +2 cloak {MR+}
rCorr  .         Harm     .     y - +0 pair of gloves
MR     ++...                    x - +0 pair of boots
Stlth  +.........               o - amulet of Harmony {Faith Str+4}
                                U - ring of wizardry
                                W - ring "Weefuemp" {Str+4 Stlth-}

@: lethally poisoned (0 -> -39), repel missiles
A: rugged brown scales 1, clever 2, subdued magic 1
a: Divine Energy, Channel Magic, Forget Spell, Renounce Religion


You were on level 5 of the Lair of Beasts.
You worshipped Sif Muna.
Sif Muna was extremely pleased with you.
You were hungry.

You visited 3 branches of the dungeon, and saw 16 of its levels.
You also visited: Labyrinth and Ice Cave.

You collected 759 gold pieces.
You spent 383 gold pieces at shops.

Inventory:

Hand Weapons
 i - a +4 dagger
 A - the +7 dagger of Qonlufap {freeze, rF+ rN+ Stlth+}
   (You found it on level 2 of the Lair of Beasts)

   It has been specially enchanted to freeze those struck by it, causing extra
   injury to most foes and up to half again as much damage against particularly
   susceptible opponents.
   It can also slow down cold-blooded creatures.
   It protects you from fire.
   It protects you from negative energy.
   It makes you more stealthy.
Missiles
 B - 13 tomahawks (quivered)
Armour
 x - a +0 pair of boots (worn)
 y - a +0 pair of gloves (worn)
 N - a +2 helmet (worn)
 O - a +2 cloak of magic resistance (worn)
 Z - +3 pearl dragon scales (worn)
Magical Staves
 a - an uncursed staff of power (weapon)
 Q - an uncursed staff of conjuration
Rods
 b - a +4 iron rod (12/12)
   (You found it in a labyrinth)
Jewellery
 e - an uncursed ring of positive energy
 f - the ring of Loydedapt {+Fly rF++}
   (You found it on level 2 of the Lair of Beasts)

   [ring of flight]

   It greatly protects you from fire.
   It lets you fly.
 j - an uncursed ring of fire
 n - a +2 ring of evasion
 o - the amulet of Harmony (around neck) {Faith Str+4}
   (You took it off a minotaur in a labyrinth)

   [amulet of faith]

   It allows you to gain divine favour quickly.
   It affects your strength (+4).
 L - the ring "Vifaow" {+Inv MR+ Stlth+}
   (You found it on level 1 of the Lair of Beasts)

   [ring of stealth]

   It affects your resistance to hostile enchantments.
   It lets you turn invisible.
   It makes you more stealthy.
 U - a ring of wizardry (right hand)
 W - the ring "Weefuemp" (left hand) {Str+4 Stlth-}
   (You found it in a labyrinth)

   [ring of loudness]

   It affects your strength (+4).
   It makes you less stealthy.
Wands
 l - a wand of iceblast (7/15)
 m - a wand of flame (33/48)
 q - a wand of confusion (18/48)
 s - a wand of teleportation (5/9)
 J - a wand of slowing (43/48)
Scrolls
 g - 2 scrolls of magic mapping
 p - 3 scrolls of enchant weapon
 u - 2 scrolls of identify
 v - 8 scrolls of teleportation
 I - 4 scrolls of remove curse
 K - 3 scrolls of fear
Potions
 d - 4 potions of haste
 r - 3 potions of curing
 t - a potion of cancellation
 w - a potion of invisibility
 z - a potion of flight
 C - a potion of agility {unknown}
 E - 3 potions of magic
 H - a potion of might
Books
 h - a book of Callings

   Spells                             Type                      Level
   a - Summon Small Mammal            Summoning                    1
   b - Call Imp                       Summoning                    2
   c - Call Canine Familiar           Summoning                    3
   d - Summon Guardian Golem          Hexes/Summoning              3
   e - Summon Lightning Spire         Summoning/Air                4
   f - Summon Ice Beast               Ice/Summoning                4
 D - a book of Air

   Spells                             Type                      Level
   a - Shock                          Conjuration/Air              1
   b - Swiftness                      Charms/Air                   2
   c - Repel Missiles                 Charms/Air                   2
   d - Static Discharge               Conjuration/Air              3
   e - Lightning Bolt                 Conjuration/Air              5
 F - a book of Geomancy

   Spells                             Type                      Level
   a - Sandblast                      Earth                        1
   b - Passwall                       Transmutation/Earth          2
   c - Stone Arrow                    Conjuration/Earth            3
   d - Petrify                        Transmutation/Earth          4
   e - Lee's Rapid Deconstruction     Earth                        5
 G - Sif Muna's Incunabulum of Attacks
   (Sif Muna gifted it to you on level 5 of the Lair of Beasts)

   Spells                             Type                      Level
   a - Magic Dart                     Conjuration                  1
   b - Iskenderun's Mystic Blast      Conjuration                  4
   c - Irradiate                      Conjuration/Transmutation    5
   d - Venom Bolt                     Conjuration/Poison           5
   e - Poison Arrow                   Conjuration/Poison           6
 M - a book of Maledictions

   Spells                             Type                      Level
   a - Corona                         Hexes                        1
   b - Ensorcelled Hibernation        Hexes/Ice                    2
   c - Confuse                        Hexes                        3
   d - Tukima's Dance                 Hexes                        3
   e - Dazzling Spray                 Conjuration/Hexes            3
 T - a book of Flames

   Spells                             Type                      Level
   a - Flame Tongue                   Conjuration/Fire             1
   b - Throw Flame                    Conjuration/Fire             2
   c - Conjure Flame                  Conjuration/Fire             3
   d - Inner Flame                    Hexes/Fire                   3
   e - Sticky Flame                   Conjuration/Fire             4
   f - Fireball                       Conjuration/Fire             5
Miscellaneous
 Y - a fan of gales
Comestibles
 c - 13 bread rations
 k - 5 meat rations
 P - 2 chunks of flesh


   Skills:
 + Level 3.4 Fighting
 * Level 5.6 Armour
 + Level 9.5 Dodging
 - Level 8.1 Stealth
 + Level 10.2 Spellcasting
 + Level 10.9 Conjurations
 + Level 5.2 Summonings
 + Level 11.0 Fire Magic
 + Level 2.8 Earth Magic
 * Level 7.1 Invocations


You had 2 spell levels left.
You knew the following spells:

 Your Spells              Type           Power        Failure   Level  Hunger
a - Flame Tongue          Conj/Fire      #####        1%          1    None
b - Throw Flame           Conj/Fire      ######       1%          2    None
c - Conjure Flame         Conj/Fire      ######..     1%          3    None
d - Inner Flame           Hex/Fire       #####...     2%          3    None
e - Sticky Flame          Conj/Fire      ######..     1%          4    None
f - Fireball              Conj/Fire      ######....   2%          5    ###....
g - Summon Guardian Gole  Hex/Summ       ###.....     7%          3    None
h - Stone Arrow           Conj/Erth      #####.       1%          3    None
i - Repel Missiles        Chrm/Air       ##....       11%         2    None
j - Confuse               Hex            ##......     26%         3    None


Dungeon Overview and Level Annotations

Branches:
Dungeon (9/15)             Temple (1/1) D:5            Lair (6/6) D:9
 Shoals (0/4) Lair:3       Spider (0/4) Lair:2        Slime (0/5) Lair:5
    Orc: D:9-12

Altars:
Ashenzari
Cheibriados
Dithmenos
Elyvilon
Fedhas
Gozag
Hepliaklqana
Kikubaaqudgha
Makhleb
Nemelex Xobeh
Okawaru
Qazlal
Ru
Sif Muna
Trog
Uskayaw
Vehumet
Xom
Yredelemnul
Zin
The Shining One

Shops:
D:5 [[   D:9 [


Innate Abilities, Weirdness & Mutations

You are partially covered in rugged brown scales. (AC +1, +3% HP)
Your mind is very acute. (Int +4)
Your spells are a little easier to cast, but a little less powerful.


Message History

Aim: a spiny frog (severely wounded, covered in liquid flames)
The flame tongue hits the spiny frog.
The spiny frog is severely wounded.
You feel sick.
The spiny frog burns!
The spiny frog stops burning.
The spiny frog stings you!
* * * LOW HITPOINT WARNING * * *
You are lethally poisoned!
The spiny frog poisons you! The spiny frog stings you.
* * * LOW HITPOINT WARNING * * *
Casting: Flame Tongue
Confirm with . or Enter, or press ? or * to list all spells.
Aiming: Flame Tongue
Press: ? - help, Shift-Dir - straight line, f/p - spiny frog
Aim: a spiny frog (severely wounded)
The flame tongue hits the spiny frog.
The spiny frog is almost dead.
* * * LOW HITPOINT WARNING * * *
You feel very sick. The spiny frog stings you!
You die...

### ##### ###.#########
##.#.####
##..#PP#.##.###.#...#.##
................F......###
.............#.#@......#.#
.#.P+........###..##...#.#
###..##.....##P#.##......#
##.#.##......#.....#....##
####'###P...##.........#.#
# #..# ##........#......##
###..# #......#...##...##
##..## ##...PP#.####...#
#....# #......#..##....#


You could see a spiny frog.

Vanquished Creatures
  A minotaur (Lab)
  2 hydras
  A catoblepas (Lair:5)
  3 death yaks (Lair:5)
  Maurice (D:9)
  A torpor snail (Lair:4)
  5 spiny frogs
  4 komodo dragons
  A troll (D:9)
  2 polar bears
  A tyrant leech (Lair:6)
  A hornet (Lair:2)
  A snapping turtle (Lair:3)
  4 dream sheep (Lair:4)
  12 blink frogs
  Prince Ribbit (D:7)
  6 hippogriffs
  Sigmund (D:3)
  A wyvern (D:8)
  A spriggan (D:7)
  6 yaks
  2 basilisks
  3 vampire mosquitoes
  A hungry ghost (D:7)
  A fire elemental (Lair:2)
  Menkaure (D:5)
  14 water moccasins
  9 porcupines
  4 orc warriors
  A black bear (D:7)
  An ice beast (D:5)
  3 sky beasts
  2 phantoms
  6 ogres
  An eye of draining (D:9)
  12 wolves
  2 centaurs
  12 crocodiles
  A big kobold (D:9)
  11 bullfrogs
  A gnoll sergeant (D:9)
  A wyvern zombie (D:8)
  3 scorpions
  12 killer bees
  5 wights (D:7)
  5 electric eels
  3 howler monkeys
  A quasit (D:6)
  A crimson imp (D:9)
  A lava snake (Lair:2)
  A centaur zombie (D:6)
  3 hounds
  3 jellies (Lair:5)
  2 centaur skeletons
  A gnoll shaman (D:9)
  3 orc priests
  Ijyb (D:3)
  4 iguanas
  5 orc wizards
  8 worker ants
  11 gnolls
  14 adders
  A howler monkey skeleton (D:8)
  A shadow imp (D:7)
  12 white imps (Lair:3)
  3 oozes
  An adder zombie (D:9)
  3 adder skeletons
  10 worms
  A dart slug (D:3)
  5 leopard geckos
  37 orcs
  6 giant cockroaches
  7 goblins
  8 hobgoblins
  19 jackals
  5 quokkas
  8 bats
  4 frilled lizards
  A giant cockroach zombie (D:5)
  2 jackal skeletons
  6 kobolds
  A leopard gecko skeleton (D:6)
  2 quokka skeletons
  10 rats
  A butterfly (Lair:6)
  A fungus (D:9)
  19 plants
406 creatures vanquished.

Vanquished Creatures (others)
  4 fungi
  6 plants
10 creatures vanquished.

Grand Total: 416 creatures vanquished

Notes
Turn   | Place    | Note
-------+----------+-------------------------------------------
     0 | D:1      | raph the Deep Elf Fire Elementalist began the quest for the Orb.
     0 | D:1      | Reached XP level 1. HP: 10/10 MP: 6/6
   366 | D:1      | Reached XP level 2. HP: 15/15 MP: 6/8
   387 | D:1      | Learned a level 2 spell: Throw Flame
  1054 | D:1      | Reached XP level 3. HP: 19/19 MP: 6/9
  1973 | D:2      | Reached XP level 4. HP: 24/24 MP: 3/11
  2326 | D:3      | Learned a level 3 spell: Conjure Flame
  2330 | D:3      | Learned a level 3 spell: Inner Flame
  2345 | D:3      | Reached skill level 4 in Fire Magic
  2805 | D:3      | Noticed Ijyb
  2812 | D:3      | Reached XP level 5. HP: 28/28 MP: 6/12
  2853 | D:3      | Killed Ijyb
  3164 | D:3      | Noticed Sigmund
  3176 | D:3      | Killed Sigmund
  3176 | D:3      | Reached XP level 6. HP: 4/32 MP: 3/14
  3575 | D:3      | Reached skill level 5 in Fire Magic
  3731 | D:2      | Found an opulent altar of Gozag.
  3914 | D:3      | Found a shimmering altar of Xom.
  3944 | D:3      | Learned a level 4 spell: Sticky Flame
  4406 | D:4      | Noticed a sky beast
  4414 | D:4      | Killed a sky beast
  4414 | D:4      | Reached XP level 7. HP: 28/36 MP: 1/16
  4791 | D:4      | Gained mutation: You are partially covered in rugged brown scales. (AC +1, +3% HP) [potion of beneficial mutation]
  4812 | D:5      | Entered Level 5 of the Dungeon
  4842 | D:5      | Reached skill level 5 in Conjurations
  4999 | D:5      | Found Foukhlui's Antique Armour Boutique.
  5004 | D:5      | Bought a pair of gloves for 117 gold pieces
  5022 | D:5      | Reached skill level 5 in Spellcasting
  5068 | D:5      | Reached skill level 5 in Stealth
  5068 | D:5      | Reached skill level 6 in Fire Magic
  5170 | D:5      | Reached XP level 8. HP: 42/42 MP: 0/18
  5268 | D:5      | Found Utean's Armour Boutique.
  5312 | D:5      | Noticed Menkaure
  5321 | D:5      | Killed Menkaure
  5326 | D:5      | Reached skill level 5 in Dodging
  5530 | D:5      | Found a staircase to the Ecumenical Temple.
  5538 | Temple   | Entered the Ecumenical Temple
  5612 | Temple   | Became a worshipper of Sif Muna the Loreminder
  5694 | D:5      | Found a radiant altar of Vehumet.
  5720 | D:5      | Learned a level 5 spell: Fireball
  6078 | D:6      | Found a shattered altar of Ashenzari.
  6640 | D:6      | Reached skill level 7 in Fire Magic
  7256 | D:7      | Reached * piety under Sif Muna
  7282 | D:7      | Reached XP level 9. HP: 40/46 MP: 2/20
  7593 | D:7      | Noticed Prince Ribbit
  7596 | D:7      | Killed Prince Ribbit
  7596 | D:7      | Reached skill level 1 in Fighting
  7596 | D:7      | Reached skill level 8 in Fire Magic
  7633 | D:7      | Gained mutation: Your mind is acute. (Int +2) [potion of mutation]
  7633 | D:7      | Gained mutation: Your spells are a little easier to cast, but a little less powerful. [potion of mutation]
  7633 | D:7      | Gained mutation: Your mind is very acute. (Int +4) [potion of mutation]
  8426 | D:7      | Reached ** piety under Sif Muna
  9572 | D:8      | Found a sacrificial altar of Ru.
  9861 | D:8      | Reached XP level 10. HP: 54/54 MP: 16/23
  9979 | D:8      | Reached skill level 9 in Fire Magic
  9988 | D:8      | Found a shadowy altar of Dithmenos.
 10192 | D:8      | Learned a level 3 spell: Summon Guardian Golem
 10385 | D:8      | Found an opulent altar of Gozag.
 10385 | D:8      | Found an iron altar of Okawaru.
 10640 | D:9      | Found a staircase to the Lair.
 11012 | D:9      | Reached *** piety under Sif Muna
 11261 | D:9      | Learned a level 3 spell: Stone Arrow
 11374 | D:9      | Noticed Maurice
 11385 | D:9      | Killed Maurice
 11661 | D:9      | Found Woduocic's Antique Armour Emporium.
 11860 | D:9      | Identified a scroll of acquirement
 11948 | D:9      | Reached skill level 1 in Invocations
 12074 | D:5      | Bought a +2 leather armour of cold resistance for 266 gold pieces
 12171 | Lair:1   | Entered Level 1 of the Lair of Beasts
 12179 | Lair:1   | Got a serpentine ivory ring
 12181 | Lair:1   | Identified the ring "Vifaow" {+Inv MR+ Stlth+} (You found it on level 1 of the Lair of Beasts)
 12192 | Lair:1   | Noticed a spiny frog
 12235 | Lair:1   | Reached skill level 10 in Fire Magic
 12237 | Lair:1   | Found a labyrinth entrance.
 12281 | Lab      | Entered a labyrinth
 12623 | Lab      | Noticed a minotaur
 12634 | Lab      | Killed a minotaur
 12634 | Lab      | Reached XP level 11. HP: 20/61 MP: 19/25
 12659 | Lab      | Got a slimy sapphire amulet
 12666 | Lab      | Got a scorched wooden ring
 12811 | Lair:1   | Identified the amulet of Harmony {Faith Str+4} (You took it off a minotaur in a labyrinth)
 12815 | Lair:1   | Identified the ring "Weefuemp" {Str+4 Stlth-} (You found it in a labyrinth)
 12967 | Lair:1   | Reached skill level 1 in Armour
 13114 | Lair:1   | Reached skill level 1 in Summonings
 13333 | Lair:1   | Reached skill level 10 in Conjurations
 14052 | Lair:2   | Found a hole to the Spider Nest.
 14064 | Lair:2   | Reached **** piety under Sif Muna
 14073 | Lair:2   | Noticed a five-headed hydra
 14078 | Lair:2   | Killed a five-headed hydra
 14428 | Lair:2   | Got an ichor-stained dagger
 14429 | Lair:2   | Identified the +7 dagger of Qonlufap {freeze, rF+ rN+ Stlth+} (You found it on level 2 of the Lair of Beasts)
 14739 | Lair:2   | Got a fine bronze ring
 14741 | Lair:2   | Identified the ring of Loydedapt {+Fly rF++} (You found it on level 2 of the Lair of Beasts)
 15401 | Lair:3   | Found a frozen archway.
 15515 | IceCv    | Entered an ice cave
 15540 | IceCv    | HP: 1/61 [polar bear (15)]
 16408 | Lair:3   | Found a staircase to the Shoals.
 17301 | Lair:4   | Reached skill level 5 in Invocations
 17301 | Lair:4   | Reached XP level 12. HP: 61/65 MP: 27/27
 18284 | Lair:4   | Learned a level 2 spell: Repel Missiles
 18288 | Lair:4   | Learned a level 3 spell: Confuse
 18634 | Lair:5   | Reached skill level 1 in Earth Magic
 18827 | Lair:5   | Reached ***** piety under Sif Muna
 18999 | Lair:5   | You fall through a shaft!
 18999 | Lair:6   | Entered Level 6 of the Lair of Beasts
 19021 | Lair:5   | Noticed a death yak
 19021 | Lair:5   | Noticed a death yak
 19031 | Lair:5   | Noticed a death yak
 19053 | Lair:5   | Killed a death yak
 19054 | Lair:5   | Killed a death yak
 19054 | Lair:5   | Identified Sif Muna's Incunabulum of Attacks (Sif Muna gifted it to you on level 5 of the Lair of Beasts)
 19054 | Lair:5   | Received a gift from Sif Muna
 19059 | Lair:5   | Killed a death yak
 19059 | Lair:5   | Reached skill level 5 in Armour
 19059 | Lair:5   | Reached skill level 10 in Spellcasting
 19335 | Lair:5   | Noticed a five-headed hydra
 19341 | Lair:5   | Killed a five-headed hydra
 19341 | Lair:5   | Reached skill level 5 in Summonings
 19460 | Lair:5   | Found a staircase to the Slime Pits.
 20186 | Lair:5   | Noticed a catoblepas
 20194 | Lair:5   | Killed a catoblepas
 20375 | Lair:6   | Noticed a death yak
 20468 | Lair:6   | Reached skill level 11 in Fire Magic
 20708 | Lair:5   | Slain by a spiny frog

Skill      XL: |  1  2  3  4  5  6  7  8  9 10 11 12 |
---------------+-------------------------------------+-----
Conjurations   | 2 3 4 5 7 8 9 10 | 10.9
Stealth        | 3 4 5 6 7 8 |  8.1
Dodging        | 3 4 5 6 7 8 9 |  9.5
Fire Magic     | 4 5 6 7 8 10 11 | 11.0
Spellcasting   | 4 5 6 7 8 9 10 | 10.2
Fighting       | 2 3 |  3.4
Invocations    | 1 5 7 |  7.1
Armour         | 4 5 |  5.6
Summonings     | 4 5 |  5.2
Earth Magic    | 2 |  2.8

Action                   |  1- 3 |  4- 6 |  7- 9 | 10-12 || total
-------------------------+-------+-------+-------+-------++-------
Melee: Dagger            |    53 |     3 |     2 |       ||    58
       Rapier            |       |       |    19 |    21 ||    40
       Staff             |       |       |       |    17 ||    17
 Cast: Flame Tongue      |    43 |    72 |   137 |   361 ||   613
       Throw Flame       |    22 |    31 |    58 |    74 ||   185
       Conjure Flame     |       |     4 |    11 |    10 ||    25
       Inner Flame       |       |     3 |     6 |     3 ||    12
       Sticky Flame      |       |       |    12 |    68 ||    80
       Fireball          |       |       |    19 |    47 ||    66
       Summon Guardian G |       |       |       |    10 ||    10
       Stone Arrow       |       |       |       |    43 ||    43
       Confuse           |       |       |       |     1 ||     1
       Repel Missiles    |       |       |       |     1 ||     1
Invok: Divine Energy     |       |       |     1 |       ||     1
       Stop Divine Energ |       |       |     1 |       ||     1
Evoke: Wand              |       |       |       |     2 ||     2
       Rod               |       |       |       |     1 ||     1
  Use: Scroll            |       |    10 |     5 |    16 ||    31
       Potion            |       |       |     2 |     1 ||     3
 Stab: Sleeping          |       |     1 |       |       ||     1
  Eat: Chunk             |     4 |     8 |    21 |    26 ||    59
       Beef jerky        |       |       |     1 |     2 ||     3
       Pizza             |       |       |     1 |       ||     1
       Meat ration       |       |       |       |     2 ||     2
       Royal jelly       |       |       |       |     1 ||     1
Armor: Robe              |     4 |     2 |    11 |    14 ||    31
       Leather armour    |       |       |       |    16 ||    16
       Pearl dragon scal |       |       |       |   127 ||   127
Dodge: Dodged            |    10 |     8 |    39 |   232 ||   289
